 Dungeon Crawl Stone Soup version 0.19.5 (webtiles) character file.

417 ozymandias0 the Covered (level 6, -7/53 HPs)
             Began as a Minotaur Fighter on Apr 29, 2017.
             Mangled by an ogre
             ... wielding a +0 giant spiked club
              (20 damage)
             ... on level 4 of the Dungeon.
             The game lasted 00:08:08 (2021 turns).

ozymandias0 the Covered (Minotaur Fighter)          Turns: 2021, Time: 00:08:09

Health: -7/53      AC:  8    Str: 22    XL:     6   Next: 61%
Magic:  5/5        EV:  8    Int:  5    God:
Gold:   130        SH: 10    Dex: 10    Spells: 0 memorised, 5 levels left

rFire  . . .     SeeInvis .     a - +0 war axe
rCold  . . .     Gourm    .     b - +0 scale mail
rNeg   . . .     Faith    .     c - +0 shield
rPois  .         Spirit   .     (helmet restricted)
rElec  .         Reflect  .     (no cloak)
rCorr  .         Harm     .     (no gloves)
MR     .....                    j - +0 pair of boots
Stlth  ..........               (no amulet)
                                (no ring)
                                (no ring)

@: no status effects
A: retaliatory headbutt, horns 2
a: no special abilities


You were on level 4 of the Dungeon.
You were not hungry.

You visited 1 branch of the dungeon, and saw 4 of its levels.

You collected 130 gold pieces.

Inventory:

Hand Weapons
 a - a +0 war axe (weapon)
Armour
 b - a +0 scale mail (worn)
 c - a +0 shield (worn)
 j - a +0 pair of boots (worn)
Jewellery
 p - an uncursed ring of ice {unknown}
Scrolls
 e - a scroll of fog {unknown}
 g - a scroll of immolation {unknown}
 h - a scroll of blinking {unknown}
 i - 2 scrolls of teleportation {unknown}
 l - 4 scrolls of identify {unknown}
 o - 3 scrolls of noise {unknown}
 q - a scroll of amnesia {unknown}
 s - a scroll of remove curse {unknown}
 v - a scroll of enchant weapon {unknown}
Potions
 d - 3 potions of might
 k - a potion of heal wounds {unknown}
 m - a potion of magic {unknown}
 n - a potion of flight {unknown}
 r - 3 potions of curing {unknown}
 u - a potion of mutation {unknown}
 w - 2 potions of brilliance {unknown}
 x - a potion of lignification {unknown}
Comestibles
 f - 6 bread rations
 t - 2 meat rations
 z - a beef jerky


   Skills:
 + Level 4.7 Fighting
 + Level 5.5 Axes
 + Level 5.6 Armour
 + Level 1.3 Dodging
 + Level 4.8 Shields


You had 5 spell levels left.
You didn't know any spells.

Dungeon Overview and Level Annotations

Branches:
Dungeon (4/15)
 Temple: D:4-7

Altars:
Hepliaklqana
Kikubaaqudgha


Innate Abilities, Weirdness & Mutations

You reflexively headbutt those who attack you in melee.
You have a pair of horns on your head.


Message History

You closely miss the iguana.
The iguana is heavily wounded.
You block the iguana's attack.
The iguana bites you but does no damage.
Your shield and scale mail prevent you from hitting the iguana.
The iguana is heavily wounded.
The iguana bites you but does no damage.
Your shield and scale mail prevent you from hitting the iguana.
The iguana is heavily wounded.
The iguana bites you.
* * * LOW HITPOINT WARNING * * *
You slash the iguana!
You kill the iguana!
You slash the ogre! You headbutt the ogre!
The ogre is almost dead.
You block the ogre's attack.
You barely miss the ogre.
The ogre is almost dead.
The ogre hits you with a giant spiked club!!
You die...

.# .# .###
########### .#..
#.........# ##>...
#@#######.###....#
##O## ##.#.#.....#
##...## #.###..<...#
##.....####.#.###.###
##....>.)# #.## .#
#.........# ### ..
#?........# +##
#.........#
##.......##


You could see an ogre.

Vanquished Creatures
  2 orc wizards (D:3)
  Terence (D:3)
  2 iguanas (D:4)
  6 adders
  An ooze (D:2)
  An adder skeleton (D:4)
  2 worms
  A leopard gecko (D:3)
  7 orcs
  2 ball pythons
  2 giant cockroaches
  10 goblins
  8 hobgoblins
  4 jackals (D:1)
  5 kobolds
  2 quokkas
  6 bats
  4 frilled lizards
  9 rats
75 creatures vanquished.

Vanquished Creatures (others)
  Sigmund (D:3)
1 creature vanquished.

Grand Total: 76 creatures vanquished

Notes
Turn   | Place    | Note
-------+----------+-------------------------------------------
     0 | D:1      | ozymandias0 the Minotaur Fighter began the quest for the Orb.
     0 | D:1      | Reached XP level 1. HP: 19/19 MP: 0/0
    52 | D:1      | Reached XP level 2. HP: 27/27 MP: 1/1
   785 | D:2      | Reached XP level 3. HP: 29/33 MP: 2/2
   970 | D:2      | Reached XP level 4. HP: 13/40 MP: 3/3
  1355 | D:3      | Noticed Sigmund
  1377 | D:3      | Killed Sigmund
  1377 | D:3      | Reached skill level 5 in Armour
  1377 | D:3      | Reached skill level 1 in Dodging
  1377 | D:3      | Reached XP level 5. HP: 21/47 MP: 4/4
  1384 | D:3      | Reached XP level 6. HP: 13/53 MP: 5/5
  1450 | D:3      | Reached skill level 5 in Axes
  1624 | D:3      | Found a hazy altar of Hepliaklqana.
  1625 | D:3      | Noticed Terence
  1642 | D:3      | Found an ancient bone altar of Kikubaaqudgha.
  1656 | D:3      | Killed Terence
  2021 | D:4      | Mangled by an ogre

Skill      XL: |  1  2  3  4  5  6 |
---------------+-------------------+-----
Fighting       | 4 |  4.7
Axes           | 3 4 5 |  5.5
Shields        | 4 |  4.8
Armour         | 4 5 |  5.6
Dodging        | 1 |  1.3

Action                   |  1- 3 |  4- 6 || total
-------------------------+-------+-------++-------
Melee: War axe           |   102 |   111 ||   213
       Headbutt          |     7 |    18 ||    25
  Eat: Meat ration       |       |     1 ||     1
Armor: Scale mail        |    50 |    36 ||    86
Dodge: Dodged            |    47 |    28 ||    75
Block: Shield            |    58 |    50 ||   108
